 Dungeon Crawl Stone Soup version 0.30-a0-1155-gf8af5b4991 (webtiles) character file.

Game seed: 1064949315990544098

763 CryoSword the Shield-Bearer (level 8, -2/62 HPs)
             Began as a Formicid Fighter on Apr 23, 2023.
             Slain by a killer bee (5 damage)
             ... on level 5 of the Dungeon.
             The game lasted 00:07:10 (3503 turns).

CryoSword the Shield-Bearer (Formicid Fighter)      Turns: 3503, Time: 00:07:11

Health: -2/62      AC:  8    Str: 30    XL:     8   Next: 8%
Magic:  8/8        EV: 11    Int:  7    God:
Gold:   130        SH:  5    Dex: 13    Spells: 7/7 levels left

rFire   . . .        j - +4 flail
rCold   . . .        c - +0 buckler
rNeg    . . .        b - +0 scale mail
rPois   +            (helmet unavailable)
rElec   .            (no cloak)
rCorr   .            (no gloves)
SInv    +            z - +0 pair of boots
Will    .....        (no amulet) Stlth
                     i - ring of poison resistance
HPRegen 0.30/turn    n - +6 ring of strength
MPRegen 0.11/turn

%: no passive effects
@: no status effects
A: permanent stasis, dig shafts and tunnels, antennae 3, four strong arms
a: Dig, Shaft Self


You were on level 5 of the Dungeon.
You visited 1 branch of the dungeon, and saw 5 of its levels.

You collected 208 gold pieces.
You spent 78 gold pieces at shops.

Inventory:

Hand Weapons
 j - a +4 flail (weapon)
   (You took it off a wight on level 5 of the Dungeon)
Missiles
 x - 10 poisoned darts (quivered)
 y - 2 datura-tipped darts
Armour
 b - a +0 scale mail (worn)
 c - a +0 buckler (worn)
 z - a +0 pair of boots (worn)
   (You found it on level 3 of the Dungeon)
Jewellery
 i - a ring of poison resistance (left hand)
   (You found it on level 1 of the Dungeon)
 n - a +6 ring of strength (right hand)
   (You found it on level 3 of the Dungeon)
Scrolls
 f - a scroll of immolation {unknown}
 g - a scroll of magic mapping {unknown}
 h - 4 scrolls of poison
 k - a scroll of fear {unknown}
 m - a scroll of vulnerability {unknown}
 o - a scroll of fog
 q - a scroll of torment {unknown}
 s - a scroll of brand weapon {unknown}
 u - a scroll of enchant weapon {unknown}
Potions
 d - 3 potions of might
 e - a potion of flight
 p - a potion of cancellation
 t - a potion of magic {unknown}


   Skills:
 + Level 5.0 Fighting
 * Level 5.1 Maces & Flails
 + Level 5.0 Armour
 + Level 2.6 Dodging
 + Level 6.0 Shields


You had 7 spell levels left.
You didn't know any spells.
Your spell library contained the following spells:

 Spells                   Type           Power      Damage    Failure   Level
 Lesser Beckoning         Tloc           0%         N/A       85%         2
 Gell's Gravitas          Tloc           0%         N/A       97%         3
 Teleport Other           Tloc           0%         N/A       97%         3


Dungeon Overview and Level Annotations

Branches:
Dungeon (5/15)
 Temple: D:4-7

Altars:
Ashenzari
Hepliaklqana

Shops:
D:2 ?:(:[

Annotations:
D:4 3 runed translucent doors, Thjof's ghost, amateur MfIE; scienide's ghost, amateur GrFi


Innate Abilities, Weirdness & Mutations

You cannot be hasted, slowed, berserked, paralysed or teleported.
You can dig through walls and to a lower floor.
You have a pair of large antennae on your head. (SInv)
Your four strong arms can wield two-handed weapons with a shield.


Message History

A quokka is nearby!
A quokka is nearby!
The quokka bites you but does no damage.
You hit the quokka but do no damage. The quokka closely misses you.
You sock the quokka!
You kill the quokka!
No target in view!
A white imp comes into view.
The white imp shouts!
You see here a quokka corpse.
A white imp is nearby!
A white imp is nearby!
The white imp disappears for a moment.
The white imp barely misses you.
You sock the white imp!
You kill the white imp!
No target in view!
A killer bee comes into view.
A killer bee is nearby!
A killer bee is nearby!
A killer bee is nearby! 2 killer bees come into view.
The killer bee buzzes angrily. x2
A killer bee comes into view.
The killer bee buzzes angrily.
A killer bee comes into view.
The killer bee stings you. x2
You miss the killer bee. The killer bee stings you. x2
You barely miss the killer bee.
A hound comes into view.
The killer bee stings you but does no damage.
The hound barks!
The hound stops to sniff the ground.
The killer bee stings you but does no damage.
The killer bee attacks as you move away!
The killer bee closely misses you. The killer bee stings you!
You miss the killer bee. The killer bee closely misses you.
The killer bee misses you.
You barely miss the killer bee. The killer bee stings you. x2
You miss the killer bee. The killer bee closely misses you.
The killer bee stings you!
* * * LOW HITPOINT WARNING * * *
The killer bee barely misses you.
You hit the killer bee. The killer bee stings you.
* * * LOW HITPOINT WARNING * * *
You block the killer bee's attack. The killer bee completely misses you.
You feel very mighty all of a sudden. The killer bee stings you.
* * * LOW HITPOINT WARNING * * *
You block the killer bee's attack.
You sock the killer bee! The killer bee closely misses you.
You block the killer bee's attack.
You miss the killer bee. The killer bee stings you.
* * * LOW HITPOINT WARNING * * *
The killer bee stings you!
* * * LOW HITPOINT WARNING * * *
The killer bee barely misses you.
You bludgeon the killer bee!!
You kill the killer bee!
The killer bee stings you.
* * * LOW HITPOINT WARNING * * *
You are lethally poisoned!
The killer bee poisons you!
Your Maces & Flails skill increases to level 5!
You feel better. The killer bee misses you.
The killer bee completely misses you.
You feel better. The killer bee closely misses you. The killer bee stings you.
* * * LOW HITPOINT WARNING * * *
You feel better.
The killer bee stings you but does no damage. x2
It was a potion of cancellation.
Your magical effects are unravelling.
You feel magically purged.
You feel a little less mighty now. The killer bee stings you.
* * * LOW HITPOINT WARNING * * *
The killer bee stings you.
* * * LOW HITPOINT WARNING * * *
It was a potion of heal wounds.
You feel much better. The killer bee misses you.
You block the killer bee's attack.
You thump the killer bee! The killer bee barely misses you. x2
The killer bee stings you.
You are poisoned.
The killer bee poisons you!
You barely miss the killer bee.
You feel sick. The killer bee closely misses you. x2
You miss the killer bee.
You feel sick. The killer bee stings you!
* * * LOW HITPOINT WARNING * * *
The killer bee stings you.
* * * LOW HITPOINT WARNING * * *
The killer bee misses you.
You thump the killer bee!
You kill the killer bee!
You feel sick.
The killer bee stings you but does no damage.
Your Armour skill increases to level 5!
Your Shields skill increases to level 6!
You have reached level 8!
You feel stronger.
You feel much better.
You feel sick.
The killer bee stings you but does no damage.
The killer bee stings you.
You bludgeon the killer bee!!
You kill the killer bee!
You feel sick.
The killer bee stings you but does no damage.
Your Fighting skill increases to level 5!
You miss the killer bee.
You feel sick.
You are no longer poisoned.
You block the killer bee's attack. The killer bee stings you!
* * * LOW HITPOINT WARNING * * *
The killer bee completely misses you.
You miss the killer bee. The killer bee completely misses you.
You block the killer bee's attack.
You closely miss the killer bee. The killer bee stings you.
* * * LOW HITPOINT WARNING * * *
The killer bee stings you but does no damage.
You miss the killer bee.
The killer bee stings you but does no damage.
The killer bee closely misses you.
You hit the killer bee. You block the killer bee's attack. x3
You closely miss the killer bee. You block the killer bee's attack. x2
You barely miss the killer bee. The killer bee closely misses you.
You block the killer bee's attack. The killer bee stings you.
* * * LOW HITPOINT WARNING * * *
You miss the killer bee. The killer bee barely misses you.
The killer bee stings you!
* * * LOW HITPOINT WARNING * * *
You barely miss the killer bee. The killer bee closely misses you.
The killer bee barely misses you.
You hit the killer bee. You block the killer bee's attack.
The killer bee stings you.
* * * LOW HITPOINT WARNING * * *
The killer bee closely misses you.
You closely miss the killer bee. You block the killer bee's attack.
The killer bee stings you but does no damage.
You barely miss the killer bee. The killer bee misses you.
You block the killer bee's attack.
You miss the killer bee. You block the killer bee's attack.
The killer bee stings you!
* * * LOW HITPOINT WARNING * * *
The killer bee stings you.
* * * LOW HITPOINT WARNING * * *
You barely miss the killer bee. The killer bee closely misses you.
The killer bee barely misses you.
The killer bee attacks as you move away!
The killer bee barely misses you. The killer bee stings you.
You die...

#.# #.# #
#.##.##..
#........
#h##.#.#.
#.##.#.#
#y##.#.#
#.....#
#y##.#.#
#?....#
#@##.#.#
#.....#
#......# #.....
###...####.....
#...###.....##
#...##.......#
{
##.###..###<.#
{ #.###..#....#
{ #......>.#..#
{
#.###..###..###


You could see a hound and 2 killer bees.

Vanquished Creatures
  An ogre (D:4)
  A kobold brigand (D:4)
  2 scorpions
  A wight (D:5)
  3 killer bees (D:5)
  A hound (D:4)
  A jelly (D:4)
  2 iguanas (D:4)
  3 gnolls
  5 adders
  A white imp (D:5)
  An ufetubus (D:4)
  6 worms
  A dart slug (D:3)
  An orc (D:4)
  8 endoplasms
  5 goblins
  6 hobgoblins
  13 jackals
  6 kobolds
  6 quokkas
  10 ball pythons
  5 bats
  4 frilled lizards (D:2)
  3 rats
96 creatures vanquished.

Notes
Turn   | Place    | Note
-------+----------+-------------------------------------------
     0 | D:1      | CryoSword the Formicid Fighter began the quest for the Orb.
     0 | D:1      | Reached XP level 1. HP: 18/18 MP: 1/1
    70 | D:1      | Reached XP level 2. HP: 24/24 MP: 2/2
   358 | D:1      | Reached XP level 3. HP: 29/29 MP: 3/3
   605 | D:2      | Found Usif's Magic Scroll Shop.
   614 | D:2      | Bought a scroll of identify for 26 gold pieces
   614 | D:2      | Bought a scroll of fog for 52 gold pieces
   670 | D:2      | Found Ziuj's Weapon Shoppe.
   688 | D:2      | Reached XP level 4. HP: 35/37 MP: 4/4
   744 | D:2      | Found Koskuete's Book Shop.
   760 | D:2      | Found Esownil's Armour Shop.
   872 | D:2      | Found Ehydi's Book Emporium.
  1197 | D:3      | Found a broken altar of Ashenzari.
  1493 | D:3      | Reached XP level 5. HP: 42/42 MP: 5/5
  1579 | D:3      | Reached skill level 1 in Dodging
  1807 | D:4      | Noticed an ogre
  1953 | D:4      | Noticed a kobold brigand
  1983 | D:4      | Killed a kobold brigand
  1984 | D:4      | Reached skill level 5 in Shields
  1984 | D:4      | Reached XP level 6. HP: 34/48 MP: 6/6
  2417 | D:4      | Reached XP level 7. HP: 42/55 MP: 7/7
  2592 | D:4      | Found a runed translucent gate.
  2593 | D:4      | Found a runed translucent gate.
  2593 | D:4      | Found a runed translucent gate.
  2595 | D:4      | Noticed scienide's ghost (amateur GrFi)
  2595 | D:4      | Noticed Thjof's ghost (amateur MfIE)
  2781 | D:4      | Identified the +9 short sword of Putrescence {holy, rN+
                  | rCorr Str-2 Int+3}
  2985 | D:4      | Found a hazy altar of Hepliaklqana.
  3377 | D:5      | Entered Level 5 of the Dungeon
  3478 | D:5      | Reached skill level 5 in Maces & Flails
  3487 | D:5      | Reached skill level 5 in Armour
  3487 | D:5      | Reached skill level 6 in Shields
  3487 | D:5      | Reached XP level 8. HP: 20/61 MP: 8/8
  3489 | D:5      | Reached skill level 5 in Fighting
  3501 | D:5      | HP: 2/62 [killer bee (3)]
  3503 | D:5      | Slain by a killer bee

Illustrated notes

Levels and vault maps discovered:
D:1:      scummos_arrival_checkerplants, layout_rooms, hangedman_decor_push
D:2:      layout_rooms, serial_shops, shop, shop, shop, shop, shop_fountains
D:3:      layout_basic, evilmike_ruin_ashenzari, moated_statue,
          nicolae_figureground_sparkle
D:4:      layout_loops_ring, mainiacjoe_overflow_paths,
          gammafunk_ghost_cemetery, nicolae_wormholes
D:5:      layout_loops_cross, lemuel_crystal_altar,
          minmay_temple_entry_mini_moons, chequers_avenue

Skill      XL: |  1  2  3  4  5  6  7  8 |
---------------+-------------------------+-----
Maces & Flails | 3 4 5 |  5.1
Dodging        | 1 2 |  2.6
Armour         | 4 5 |  5.0
Fighting       | 4 5 |  5.0
Shields        | 5 6 |  6.0

Action                     |  1- 3 |  4- 6 |  7- 9 || total
---------------------------+-------+-------+-------++-------
  Melee: Flail             |    52 |       |    36 ||    88
         Mace              |    50 |   218 |    81 ||   349
  Throw: Dart              |       |       |     1 ||     1
    Use: Scroll            |       |     4 |     1 ||     5
         Potion            |       |       |     7 ||     7
 Armour: Scale mail        |    62 |   121 |    29 ||   212
  Dodge: Dodged            |    57 |   131 |    57 ||   245
  Block: Buckler           |    32 |    69 |    27 ||   128

Table legend: (Time is in decaauts)
 A = Elapsed time spent in this place.
 B = Non-inter-level travel time spent in this place.
 C = Inter-level travel time spent in this place.
 D = Time resting spent in this place.
 E = Time spent auto-exploring this place.
 F = Levels seen in this place.
 G = Mean time per level.
                   A        B        C        D        E       F      G
               +--------+--------+--------+--------+--------+-----+--------+
         Total |   3616 |   3426 |    190 |    597 |   1697 |   5 |  723.2 |
       Dungeon |   3616 |   3426 |    190 |    597 |   1697 |   5 |  723.2 |
               +--------+--------+--------+--------+--------+-----+--------+

Top non-repeatable levels by time:
     D:4: 1538 daAuts
     D:3: 812 daAuts
     D:2: 702 daAuts
     D:1: 466 daAuts
     D:5: 96 daAuts
